AoeStats
← Rommel

African Clearing

504546376Analyzed
2v2 RM · 26d ago on Sep 5, 2026· 50m 55s· 4 players
Game mode
Random Map
Map size
Medium (4 player)
Population
200
Speed
Normal
Resources
Standard
Victory
Conquest
Starting age
Dark Age
Ending age
Imperial Age
RankedLock teamsTeams togetherTeam positionsShared explorationLock speedFull tech treeHidden civsTurbo modeCheats
Victory
Defeat
🇫🇷 Wu · France
1238
+15
🇫🇷 Bulgarians · France
1216
+16
🇨🇱 Britons · Chile
1228
-16
🇨🇱 Spanish · Chile
1210
-15
joueur1andre
3:49 Loom
12:24 Feudal Age
13:00 Double-Bit Axe
15:08 Scale Mail Armor
16:42 Wheelbarrow
20:47 Castle Age
18:55 Gold Mining
18:57 Arson
19:23 Forging
21:12 Gambesons
21:44 Chain Mail Armor
21:42 Bow Saw
21:32 Horse Collar
21:42 Town Watch
22:09 Squires
25:33 Hand Cart
28:26 Stone Mining
29:15 Heavy Plow
29:23 Fletching
31:00 Iron Casting
32:51 Ballistics
32:28 Bodkin Arrow
37:33 Masonry
37:27 Town Patrol
37:51 Murder Holes
42:02 Imperial Age
42:01 Gold Shaft Mining
43:08 Stone Shaft Mining
44:45 Plate Mail Armor
45:16 Blast Furnace
43:53 Capped Ram
45:07 Crop Rotation
44:56 Siege Ram
46:12 Siege Engineers
47:20 Architecture
47:51 Chemistry
47:36 Conscription
47:56 Bagains
48:02 Bracer
AirForceOne
12:45 Feudal Age
13:17 Feudal Age
13:25 Man-at-Arms
14:02 Double-Bit Axe
16:38 Forging
18:36 Scale Mail Armor
24:03 Castle Age
22:16 Stone Mining
22:15 Arson
22:43 Horse Collar
24:08 Fletching
24:14 Gold Mining
24:37 Crossbowman
25:58 Padded Archer Armor
27:12 Bow Saw
27:07 Loom
29:15 Wheelbarrow
30:50 Elite Skirmisher
31:28 Bodkin Arrow
33:05 Leather Archer Armor
33:39 Hand Cart
36:10 Ballistics
41:43 Imperial Age
40:34 Iron Casting
43:26 Bracer
46:13 Arbalester
48:53 Masonry
49:11 Chain Mail Armor
48:55 Elite Fire Archer
Tiburón Boliviano
4:58 Loom
14:31 Feudal Age
23:12 Castle Age
21:29 Double-Bit Axe
22:09 Horse Collar
32:33 Husbandry
34:21 Bloodlines
41:52 Imperial Age
39:35 Light Cavalry
40:35 Heavy Plow
40:22 Double-Bit Axe
Rommel
5:16 Loom
6:14 Loom
14:49 Feudal Age
16:33 Double-Bit Axe
23:36 Castle Age
21:26 Horse Collar
21:56 Fletching
23:05 Gold Mining
23:26 Scale Mail Armor
23:46 Crossbowman
24:37 Bodkin Arrow
28:20 Wheelbarrow
27:40 Town Watch
28:22 Ballistics
28:32 Bow Saw
32:07 Stone Mining
36:16 Hand Cart
36:03 Heavy Plow
37:46 Padded Archer Armor
41:21 Imperial Age
40:11 Gold Shaft Mining
41:27 Arbalester
42:08 Bracer
43:10 Chemistry
45:06 Pikeman
45:47 Squires
45:33 Arson
46:06 Chain Mail Armor
46:01 Forging
46:07 Leather Archer Armor
46:27 Onager
48:36 Two-Man Saw
48:53 Plate Mail Armor
48:58 Iron Casting
51:40 Conscription
Connection lost

Rejoining the realm…

Still unreachable

The connection could not be restored.

Session expired

The server has moved on; the page needs a fresh start.